 Dungeon Crawl Stone Soup version 0.30.0-20-g3b4254fcbd (webtiles) character file.

Game seed: 10713015082597267020

11 jagang the Digger (level 2, 0/17 HPs)
             Began as an Octopode Earth Elementalist on June 2, 2023.
             Slain by a kobold
             ... wielding a +0 club
              (2 damage)
             ... on level 1 of the Dungeon.
             The game lasted 00:00:35 (150 turns).

jagang the Digger (Octopode Earth Elementalist)      Turns: 150, Time: 00:00:36

Health: 0/17       AC:  1    Str:  7    XL:     2   Next: 29%
Magic:  1/5        EV: 13    Int: 17    God:
Gold:   0          SH:  0    Dex: 12    Spells: 4/5 levels left

rFire   . . .        (no weapon)
rCold   . . .        (no shield)
rNeg    . . .        (helmet restricted)
rPois   .            (no amulet)
rElec   .            (no ring)
rCorr   .            (no ring)
SInv    .            (no ring)
Will    .....        (no ring)
Stlth   +++          (no ring)
HPRegen 0.22/turn    (no ring)
MPRegen 0.09/turn    (no ring)
                     (no ring)

%: no passive effects
@: no status effects
A: almost no armour, amphibious, 8 rings, camouflage 1, gelatinous body 1,
(nimble swimmer 1), tentacles
a: no special abilities


You were on level 1 of the Dungeon.
You visited 1 branch of the dungeon, and saw 1 of its levels.

Inventory:

Scrolls
 b - a scroll of poison {unknown}
 c - a scroll of fear {unknown}
Potions
 a - a potion of magic


   Skills:
 + Level 2.1 Dodging
 + Level 2.9 Stealth
 + Level 2.1 Spellcasting
 + Level 1.2 Transmutations
 * Level 3.2 Earth Magic


You had 4 spell levels left.
You knew the following spells:

 Your Spells              Type           Power      Damage    Failure   Level
a - Sandblast             Erth           24%        2d8       4%          1

Your spell library contained the following spells:

 Spells                   Type           Power      Damage    Failure   Level
 Passwall                 Tmut/Erth      7%         N/A       12%         2
 Stone Arrow              Conj/Erth      14%        3d7       30%         3
 Petrify                  Tmut/Erth      9%         N/A       58%         4


Dungeon Overview and Level Annotations

Branches:
Dungeon (1/15)

Altars:


Innate Abilities, Weirdness & Mutations

You cannot wear most types of armour.
You are amphibious.
You can wear up to eight rings at the same time.
Your skin changes colour to match your surroundings (Stealth+).
Your rubbery body absorbs attacks. (AC +1, EV +1)
((You are camouflaged when in or above water. (Stealth+)))
You have tentacles for arms and can constrict up to eight enemies at once.


Message History

The bat completely misses you. The dart slug launches a dart at you.
The slug dart hits you.
A kobold comes into view. It is wielding a +0 whip.
You are out of magic!
The bat hits you.
You see here a scroll labelled EXU CANOSKIOGU.
The bat hits you but does no damage.
The jackal barks!
You tentacle-slap the bat but do no damage.
Your grab misses the bat. The bat hits you but does no damage.
You closely miss the jackal. You grab the jackal.
You squeeze the jackal, but do no damage.
You constrict the jackal, but do no damage.
The bat hits you. The jackal bites you.
You release your grip on the jackal.
The jackal attacks as you move away! The jackal bites you.
You tentacle-slap the jackal but do no damage.
You grab the jackal.
You constrict the jackal, but do no damage.
The jackal barely misses you. The bat hits you.
The jackal bites you but does no damage.
You tentacle-slap the jackal. You squeeze the jackal.
You kill the jackal!
The bat closely misses you.
A rat comes into view.
You tentacle-slap the bat but do no damage.
You grab the bat. You squeeze the bat.
You kill the bat!
The kobold hits you with a +0 club.
* * * LOW HITPOINT WARNING * * *
You barely miss the kobold. Your grab misses the kobold.
You squeeze the kobold.
You kill the kobold!
The kobold hits you with a +0 club.
* * * LOW HITPOINT WARNING * * *
You see here a ring of ice.
You barely miss the kobold. Your grab misses the kobold.
The kobold hits you with a +0 club.
You die...

........... ...####.#.##....
#.#.......... .# #.#.# ...
#.#..###.##.. #.#.# ...
#......... ....####.#.##....
........ .................
######### #.####...#......
#P#P#P###. #.####...#......
.....[..#....#...w...r.......
...PP..<#.......@K)?.##...#..
........#....#.####††# ...# .
#P#P#P###. .. ...†......
####### ... ............ ...
... .............. ##. ..
.............. .
#.w........... #.####.>#....#


You could see a dart slug, a kobold and a rat.

Vanquished Creatures
  A bat (D:1)
  6 jackals (D:1)
  2 kobolds (D:1)
9 creatures vanquished.

Notes
Turn   | Place    | Note
-------+----------+-------------------------------------------
     0 | D:1      | jagang the Octopode Earth Elementalist began the quest for
                  | the Orb.
     0 | D:1      | Reached XP level 1. HP: 11/11 MP: 3/3
   136 | D:1      | Reached XP level 2. HP: 17/17 MP: 1/5
   150 | D:1      | Slain by a kobold

Illustrated notes

Levels and vault maps discovered:
D:1:      minmay_arrival_plants_in_alcoves, layout_basic, serial_shops,
          nicolae_square_shop, hangedman_decor_opposing

Action                     || total
---------------------------++-------
  Melee: Unarmed           ||    10
         Constrict         ||     4
         Tentacles         ||     4
         Punch             ||     1
   Cast: Sandblast         ||     6
 Armour: Skin              ||     4
  Dodge: Dodged            ||     9
